[Event "FIDE WSTC Open 65 2025"]
[Site "Prague"]
[Date "2025.02.18"]
[Round "2.14"]
[White "Binham, Timothy F."]
[Black "Sadeghi, Hassan Roger"]
[Result "1-0"]
[Annotator "ChessBase"]
[ECO "A43"]
[WhiteElo "2250"]
[BlackElo "2029"]
[PlyCount "75"]
[EventDate "2025.02.17"]
[EventType "team-tourn"]
[EventCountry "CZE"]
[SourceTitle "playchess.com"]
[Source "ChessBase"]
[SourceQuality "1"]
[TimeControl "40/5400+30:1800+30"]

1. Nf3 Nf6 2. d4 c5 3. d5 d6 4. Nc3 g6 5. e4 Bg7 6. Bb5+ Bd7 7. a4 Na6 8. O-O Nc7 9. Bc4 O-O 10. Re1 a6 11. Qd3 Rb8 12. a5 b5 13. axb6 Rxb6 14. Ra2 Nb5 15. Bd2 Ng4 16. h3 Ne5 17. Nxe5 Bxe5 18. Ne2 Qc8 19. Bh6 Re8 20. f4 Bf6 21. Ng3 e6 22. c3 Nc7 23. Re2 exd5 24. exd5 Bg7 25. Bxg7 Kxg7 26. b4 Rxe2 27. Rxe2 Nb5 28. Ne4 Bf5 29. Bxb5 Bxe4 30. Rxe4 Rxb5 31. Rc4 Qf5 32. Qxf5 gxf5 33. bxc5 dxc5 34. Ra4 a5 35. Kf2 Kf6 36. Ke3 Ke7 37. Kd3 Rb2 38. Kc4 1-0

[Event "FIDE WSTC Open 65 2025"]
[Site "Prague"]
[Date "2025.02.18"]
[Round "2.15"]
[White "Zuelle, Bruno"]
[Black "Henttinen, Markku I.O."]
[Result "1/2-1/2"]
[Annotator "ChessBase"]
[ECO "A38"]
[WhiteElo "2038"]
[BlackElo "2223"]
[PlyCount "42"]
[EventDate "2025.02.17"]
[EventType "team-tourn"]
[EventCountry "CZE"]
[SourceTitle "playchess.com"]
[Source "ChessBase"]
[SourceQuality "1"]
[TimeControl "40/5400+30:1800+30"]

1. Nf3 c5 2. c4 Nc6 3. Nc3 g6 4. g3 Nf6 5. Bg2 d5 6. cxd5 Nxd5 7. Nxd5 Qxd5 8. O-O Bg7 9. d3 O-O 10. Be3 Qd6 11. Rc1 Nd4 12. Nxd4 cxd4 13. Bf4 e5 14. Bg5 h6 15. Bd2 Be6 16. Qa4 Qb6 17. Rc2 Rfc8 18. Rfc1 Bf8 19. Rxc8 Rxc8 20. Rxc8 Bxc8 21. Qe8 Qe6 1/2-1/2

[Event "FIDE WSTC Open 65 2025"]
[Site "Prague"]
[Date "2025.02.18"]
[Round "2.16"]
[White "Westerinen, Heikki M.J."]
[Black "Brait, Wolfgang"]
[Result "1-0"]
[Annotator "ChessBase"]
[ECO "B08"]
[WhiteElo "2213"]
[BlackElo "1992"]
[PlyCount "111"]
[EventDate "2025.02.17"]
[EventType "team-tourn"]
[EventCountry "CZE"]
[SourceTitle "playchess.com"]
[Source "ChessBase"]
[SourceQuality "1"]
[TimeControl "40/5400+30:1800+30"]

1. e4 d6 2. d4 Nf6 3. Nc3 g6 4. Nf3 c6 5. a4 Bg7 6. Be2 Bg4 7. O-O O-O 8. h3 Bxf3 9. Bxf3 Qc7 10. Be3 Nbd7 11. Qd2 a6 12. a5 e6 13. Rfd1 Rfc8 14. Be2 d5 15. e5 Ne8 16. f4 f5 17. Na4 Bf8 18. Nc5 Nxc5 19. dxc5 Qe7 20. Qb4 Rab8 21. Rd2 Nc7 22. b3 Kh8 23. Rad1 Bh6 24. Rf1 Qh4 25. Kh2 Rg8 26. g3 Qd8 27. h4 Bf8 28. Kg2 Be7 29. Rh1 h5 30. c4 Qf8 31. Rhd1 Kh7 32. Qa3 Qc8 33. Bf3 Rd8 34. Rd3 Ne8 35. Qa2 Qc7 36. b4 Ra8 37. cxd5 exd5 38. Bd4 Ng7 39. Qf2 Ne6 40. Rh1 Rg8 41. Kf1 Raf8 42. Ke1 Rf7 43. Qe2 Kg7 44. Kd1 Rh8 45. Kc1 Bd8 46. Kb1 Kf8 47. Qa2 Rd7 48. Bf2 Kf7 49. Rhd1 Be7 50. Qd2 Rhd8 51. Qe2 Kg7 52. Qd2 Kf7 53. Qc2 Qc8 54. R3d2 Qc7 55. Bxh5 Rh8 56. Qxf5+ 1-0

[Event "FIDE WSTC Open 65 2025"]
[Site "Prague"]
[Date "2025.02.18"]
[Round "2.17"]
[White "Boudre, Jean-Pierre"]
[Black "Stebbings, Anthony J"]
[Result "1/2-1/2"]
[Annotator "ChessBase"]
[ECO "B48"]
[WhiteElo "2206"]
[BlackElo "2239"]
[PlyCount "37"]
[EventDate "2025.02.17"]
[EventType "team-tourn"]
[EventCountry "CZE"]
[SourceTitle "playchess.com"]
[Source "ChessBase"]
[SourceQuality "1"]
[TimeControl "40/5400+30:1800+30"]

1. e4 c5 2. Nf3 e6 3. d4 cxd4 4. Nxd4 Nc6 5. Nc3 Qc7 6. Be3 a6 7. Qf3 Ne5 8. Qg3 h5 9. h4 d6 10. O-O-O Nf6 11. f3 Bd7 12. Kb1 b5 13. Bd3 Rc8 14. Nce2 Be7 15. Qxg7 Rg8 16. Qh6 Rg6 17. Qh8+ Rg8 18. Qh6 Rg6 19. Qh8+ 1/2-1/2

[Event "FIDE WSTC Open 65 2025"]
[Site "Prague"]
[Date "2025.02.18"]
[Round "2.18"]
[White "Povah, Nigel E"]
[Black "Brongers, Henk"]
[Result "1-0"]
[Annotator "ChessBase"]
[ECO "D00"]
[WhiteElo "2206"]
[BlackElo "2022"]
[PlyCount "117"]
[EventDate "2025.02.17"]
[EventType "team-tourn"]
[EventCountry "CZE"]
[SourceTitle "playchess.com"]
[Source "ChessBase"]
[SourceQuality "1"]
[TimeControl "40/5400+30:1800+30"]

1. d4 Nf6 2. Bf4 d5 3. e3 c5 4. Nd2 Nc6 5. c3 cxd4 6. exd4 Bf5 7. Qb3 Qc8 8. Ngf3 e6 9. Nh4 Be4 10. Nxe4 Nxe4 11. Nf3 Bd6 12. Bxd6 Nxd6 13. Bd3 O-O 14. Qc2 f5 15. O-O Qd7 16. Rfe1 Ne4 17. Bb5 Qd6 18. Re2 Rac8 19. Bxc6 bxc6 20. b4 a5 21. a3 axb4 22. axb4 Ra8 23. Qb2 Qf4 24. Ne5 Rac8 25. f3 Nd6 26. Ra6 Nc4 27. Nxc4 dxc4 28. Rxe6 Rf6 29. Rxf6 Qe3+ 30. Kf1 Re8 31. Ra1 gxf6 32. Rd1 f4 33. Qd2 Qxd2 34. Rxd2 Re3 35. Rc2 f5 36. Kf2 Rd3 37. g3 Kg7 38. gxf4 Kg6 39. Kg3 Kh5 40. b5 cxb5 41. Rb2 Rxc3 42. Rxb5 Kg6 43. Rc5 Rc2 44. h3 c3 45. Kh4 h6 46. Rc6+ Kg7 47. Kh5 Rh2 48. h4 c2 49. d5 Rd2 50. Rc7+ Kf6 51. Kxh6 Rxd5 52. Rc6+ Kf7 53. Rxc2 Rd3 54. Rc7+ Kf6 55. Rc6+ Kf7 56. Kg5 Rxf3 57. h5 Rg3+ 58. Kxf5 Kg7 59. Rg6+ 1-0

[Event "FIDE WSTC Open 65 2025"]
[Site "Prague"]
[Date "2025.02.18"]
[Round "2.19"]
[White "Capron, Daniel"]
[Black "Baker, Chris W"]
[Result "1/2-1/2"]
[Annotator "ChessBase"]
[ECO "B50"]
[WhiteElo "2064"]
[BlackElo "2150"]
[PlyCount "168"]
[EventDate "2025.02.17"]
[EventType "team-tourn"]
[EventCountry "CZE"]
[SourceTitle "playchess.com"]
[Source "ChessBase"]
[SourceQuality "1"]
[TimeControl "40/5400+30:1800+30"]

1. e4 e6 2. b3 c5 3. Bb2 Nc6 4. Nf3 d6 5. Bb5 Bd7 6. O-O Nf6 7. Re1 Be7 8. Bf1 O-O 9. d3 Ng4 10. h3 Bf6 11. d4 Nxd4 12. Nxd4 Nh6 13. c3 cxd4 14. cxd4 Bc6 15. Nd2 d5 16. e5 Be7 17. Nf3 Qb6 18. Qc1 Bb5 19. Ba3 Bxa3 20. Qxa3 Bxf1 21. Rxf1 Rac8 22. Rac1 Nf5 23. Rxc8 Rxc8 24. Rd1 h5 25. g3 Rc3 26. Kg2 Rc2 27. Rc1 Ne3+ 28. Kg1 Qa6 29. fxe3 Qxa3 30. Rxc2 Kh7 31. Kf2 Qa5 32. Re2 Kh6 33. h4 Kg6 34. Ng5 Qa6 35. Rd2 Qc6 36. Re2 Qc1 37. Kg2 a5 38. Kf2 Qh1 39. Nf3 Qb1 40. Kg2 f6 41. Rf2 Qe4 42. exf6 gxf6 43. Re2 Kf5 44. Kf2 Kg4 45. Nh2+ Kh3 46. Nf1 e5 47. dxe5 fxe5 48. Kg1 d4 49. Rh2+ Kg4 50. exd4 Qxd4+ 51. Kh1 e4 52. Rd2 Qc3 53. Kg2 Kf5 54. Kf2 Ke5 55. Ke2 Qf3+ 56. Ke1 b5 57. Rf2 Qc3+ 58. Rd2 Kf5 59. Kf2 Kg4 60. Kg2 Kf5 61. Kf2 Ke5 62. Ke2 Qf3+ 63. Ke1 a4 64. bxa4 bxa4 65. Rf2 Qa3 66. Rd2 Qc3 67. Ke2 Qf3+ 68. Ke1 a3 69. Rf2 Qc3+ 70. Rd2 e3 71. Nxe3 Ke4 72. Nf1 Kf3 73. Nh2+ Kxg3 74. Nf1+ Kxh4 75. Kf2 Kg5 76. Re2 h4 77. Kg1 h3 78. Rd2 Qe5 79. Kh1 Qe1 80. Kg1 Kg4 81. Rf2 h2+ 82. Rxh2 Qd1 83. Rd2 Qe1 84. Rf2 Qd1 1/2-1/2

[Event "FIDE WSTC Open 65 2025"]
[Site "Prague"]
[Date "2025.02.18"]
[Round "2.20"]
[White "Snape, Ian L"]
[Black "Donnenfeld, Patrice"]
[Result "1/2-1/2"]
[Annotator "NA"]
[ECO "A42"]
[WhiteElo "2062"]
[BlackElo "2052"]
[PlyCount "45"]
[EventDate "2025.02.17"]
[EventType "team-tourn"]
[EventCountry "CZE"]
[SourceTitle "playchess.com"]
[Source "ChessBase"]
[SourceQuality "1"]
[TimeControl "40/5400+30:1800+30"]

1. c4 g6 2. Nc3 Bg7 3. d4 d6 4. e4 e5 5. Nge2 Nc6 6. d5 Nce7 7. Ng3 Nf6 8. Be2 c5 9. Be3 h5 10. Qd2 Ng4 11. Bxg4 hxg4 12. f4 gxf3 13. gxf3 Bh3 14. f4 Qd7 15. O-O-O O-O-O 16. Kb1 Kb8 17. fxe5 Bxe5 18. Bf4 f6 19. Rhg1 Bd4 20. Nb5 Be5 21. Bxe5 fxe5 22. Qg5 Rdf8 23. Qe3 1/2-1/2

[Event "FIDE WSTC Open 65 2025"]
[Site "Prague"]
[Date "2025.02.18"]
[Round "2.21"]
[White "Andreasen, Per Naesby"]
[Black "Uddenfeldt, Dan"]
[Result "1/2-1/2"]
[Annotator "ChessBase"]
[ECO "E09"]
[WhiteElo "2233"]
[BlackElo "2311"]
[PlyCount "25"]
[EventDate "2025.02.17"]
[EventType "team-tourn"]
[EventCountry "CZE"]
[SourceTitle "playchess.com"]
[Source "ChessBase"]
[SourceQuality "1"]
[TimeControl "40/5400+30:1800+30"]

1. g3 Nf6 2. Bg2 d5 3. Nf3 e6 4. O-O Be7 5. d4 Nbd7 6. c4 O-O 7. Qc2 c6 8. Nbd2 b5 9. cxb5 cxb5 10. Qc6 Rb8 11. Nb3 Qb6 12. Qxb6 Rxb6 13. Bf4 1/2-1/2

[Event "FIDE WSTC Open 65 2025"]
[Site "Prague"]
[Date "2025.02.18"]
[Round "2.22"]
[White "Renman, Nils-Gustaf"]
[Black "Mikkelsen, Peter Jorgen Dam"]
[Result "1-0"]
[Annotator "ChessBase"]
[ECO "A52"]
[WhiteElo "2306"]
[BlackElo "2112"]
[PlyCount "71"]
[EventDate "2025.02.17"]
[EventType "team-tourn"]
[EventCountry "CZE"]
[SourceTitle "playchess.com"]
[Source "ChessBase"]
[SourceQuality "1"]
[TimeControl "40/5400+30:1800+30"]

1. d4 Nf6 2. c4 e5 3. dxe5 Ng4 4. Nf3 Bc5 5. e3 Nc6 6. a3 a5 7. Nc3 Ngxe5 8. Nxe5 Nxe5 9. Be2 O-O 10. O-O d6 11. f4 Nc6 12. Bd3 f5 13. Qc2 Qe7 14. Nd5 Qf7 15. Kh1 Be6 16. Bd2 Bxd5 17. cxd5 Ne7 18. e4 fxe4 19. Bxe4 h6 20. Qd3 Nf5 21. b4 axb4 22. axb4 Rxa1 23. Rxa1 Bb6 24. g4 Ne7 25. Rf1 Qf6 26. Bc3 Qh4 27. Qf3 h5 28. gxh5 Nf5 29. Qg2 Bd4 30. Bxd4 Nxd4 31. Qg6 Rf7 32. Qh7+ Kf8 33. Bg6 Ne2 34. Bxf7 Kxf7 35. Qf5+ Kg8 36. Qe6+ 1-0

[Event "FIDE WSTC Open 65 2025"]
[Site "Prague"]
[Date "2025.02.18"]
[Round "2.23"]
[White "Mortensen, John"]
[Black "Wahlbom, Magnus"]
[Result "0-1"]
[Annotator "NA"]
[ECO "B51"]
[WhiteElo "1983"]
[BlackElo "2109"]
[PlyCount "94"]
[EventDate "2025.02.17"]
[EventType "team-tourn"]
[EventCountry "CZE"]
[SourceTitle "playchess.com"]
[Source "ChessBase"]
[SourceQuality "1"]
[TimeControl "40/5400+30:1800+30"]

1. e4 c5 2. Nf3 d6 3. Bb5+ Nd7 4. c3 Ngf6 5. Qe2 a6 6. Ba4 b5 7. Bc2 e5 8. O-O Be7 9. Rd1 O-O 10. d4 Qc7 11. dxe5 dxe5 12. Bg5 Nb6 13. Nbd2 Be6 14. Bb3 c4 15. Bc2 Nbd7 16. Nf1 h6 17. Bxf6 Nxf6 18. Ng3 Rfe8 19. h3 g6 20. a4 Kg7 21. Nh2 b4 22. cxb4 Bxb4 23. Rac1 Qa5 24. Ng4 Nxg4 25. hxg4 Rab8 26. Nf1 Bc5 27. Nd2 Rec8 28. b4 Rxb4 29. Nf1 Rd8 30. Rxd8 Qxd8 31. Ne3 Bd4 32. Rb1 Qb6 33. Rxb4 Qxb4 34. Nd5 Qb2 35. g3 c3 36. Kg2 Bxg4 37. Qxg4 Qxc2 38. Qf3 f5 39. exf5 Qxf5 40. Nb4 a5 41. Qb7+ Qf7 42. Qxf7+ Kxf7 43. Nc2 Ke6 44. f4 Kd5 45. Kf3 exf4 46. gxf4 Bc5 47. Na1 h5 0-1

[Event "FIDE WSTC Open 65 2025"]
[Site "Prague"]
[Date "2025.02.18"]
[Round "2.24"]
[White "Hammar, Bengt"]
[Black "Cordes, Steffen"]
[Result "1/2-1/2"]
[Annotator "NA"]
[ECO "B37"]
[WhiteElo "2100"]
[BlackElo "1943"]
[PlyCount "28"]
[EventDate "2025.02.17"]
[EventType "team-tourn"]
[EventCountry "CZE"]
[SourceTitle "playchess.com"]
[Source "ChessBase"]
[SourceQuality "1"]
[TimeControl "40/5400+30:1800+30"]

1. e4 c5 2. Nf3 g6 3. c4 Bg7 4. d4 cxd4 5. Nxd4 Nc6 6. Nc2 d6 7. Be2 Be6 8. O-O Rc8 9. Ne3 Nf6 10. Nc3 Na5 11. Qa4+ Nd7 12. Ncd5 Nc6 13. Qd1 Nc5 14. f3 Nd4 1/2-1/2

[Event "FIDE WSTC Open 65 2025"]
[Site "Prague"]
[Date "2025.02.18"]
[Round "2.25"]
[White "Birnboim, Nathan"]
[Black "Primbetov, Marat"]
[Result "1/2-1/2"]
[Annotator "ChessBase"]
[ECO "B56"]
[WhiteElo "2313"]
[BlackElo "2103"]
[PlyCount "69"]
[EventDate "2025.02.17"]
[EventType "team-tourn"]
[EventCountry "CZE"]
[SourceTitle "playchess.com"]
[Source "ChessBase"]
[SourceQuality "1"]
[TimeControl "40/5400+30:1800+30"]

1. e4 c5 2. Nf3 d6 3. Nc3 Nc6 4. Bb5 Bd7 5. Bxc6 Bxc6 6. d4 cxd4 7. Nxd4 Nf6 8. Nxc6 bxc6 9. O-O e6 10. Bf4 d5 11. Qf3 Be7 12. Rad1 O-O 13. Rfe1 Qb6 14. e5 Nd7 15. b3 Rfd8 16. Qg3 Nf8 17. h4 Ng6 18. Bg5 Bxg5 19. hxg5 Qb4 20. Na4 c5 21. Qe3 Rac8 22. g3 Ne7 23. c3 Qg4 24. Rd2 d4 25. cxd4 Rxd4 26. Rxd4 cxd4 27. Qe4 Qxe4 28. Rxe4 Nf5 29. Re2 h5 30. gxh6 gxh6 31. Kg2 d3 32. Rd2 Rc2 33. Rxd3 Rxa2 34. Kf3 Kg7 35. Nc5 1/2-1/2

[Event "FIDE WSTC Open 65 2025"]
[Site "Prague"]
[Date "2025.02.18"]
[Round "2.26"]
[White "Nasybullin, Vladislav"]
[Black "Maryasin, Boris"]
[Result "0-1"]
[Annotator "ChessBase"]
[ECO "A37"]
[WhiteElo "2339"]
[BlackElo "2218"]
[PlyCount "96"]
[EventDate "2025.02.17"]
[EventType "team-tourn"]
[EventCountry "CZE"]
[SourceTitle "playchess.com"]
[Source "ChessBase"]
[SourceQuality "1"]
[TimeControl "40/5400+30:1800+30"]

1. c4 c5 2. Nc3 Nc6 3. g3 g6 4. Bg2 Bg7 5. Nf3 d6 6. O-O Nh6 7. d3 Nf5 8. Bd2 O-O 9. Rb1 Bd7 10. a3 a5 11. e3 Rb8 12. h3 Na7 13. g4 Nh6 14. e4 f6 15. b4 axb4 16. axb4 b5 17. bxc5 dxc5 18. Bf4 Rb7 19. Qc1 Nf7 20. cxb5 Be6 21. Rd1 Qa5 22. b6 Nc6 23. Rb5 Qa6 24. Rxc5 Rxb6 25. d4 Bb3 26. Bf1 Qb7 27. Rd2 e5 28. Be3 exd4 29. Nxd4 Nxd4 30. Rxd4 f5 31. exf5 gxf5 32. Rxf5 Be6 33. Rc5 Ne5 34. Bg2 Nf3+ 35. Kh1 Qb8 36. Bxf3 Rxf3 37. Rf4 Rxh3+ 38. Kg2 Rh4 39. Rg5 Qb7+ 40. Ne4 Rb1 41. Qc5 h6 42. Qf8+ Kh7 43. Rxg7+ Qxg7 44. Nf6+ Kg6 45. Qd6 Qb7+ 46. Ne4 Rg1+ 47. Kf3 Rh3+ 48. Ke2 Qb5+ 0-1

[Event "FIDE WSTC Open 65 2025"]
[Site "Prague"]
[Date "2025.02.18"]
[Round "2.27"]
[White "Lederman, Leon"]
[Black "Baimurzin, Aitkazy"]
[Result "1-0"]
[Annotator "ChessBase"]
[ECO "B42"]
[WhiteElo "2198"]
[BlackElo "1997"]
[PlyCount "120"]
[EventDate "2025.02.17"]
[EventType "team-tourn"]
[EventCountry "CZE"]
[SourceTitle "playchess.com"]
[Source "ChessBase"]
[SourceQuality "1"]
[TimeControl "40/5400+30:1800+30"]

1. e4 c5 2. Nf3 e6 3. d4 cxd4 4. Nxd4 a6 5. Bd3 d6 6. O-O Nf6 7. c4 b6 8. Nc3 Bb7 9. Be3 Nbd7 10. f3 Rc8 11. Rc1 Be7 12. b3 O-O 13. Qe1 Kh8 14. h3 Rg8 15. Qd2 Qc7 16. Be2 h6 17. a3 Rcd8 18. b4 Qb8 19. Qa2 Nh5 20. Qd2 Nhf6 21. Bd3 Ne5 22. Rfe1 Nxd3 23. Qxd3 Rge8 24. Na4 Nd7 25. Nb3 Ba8 26. Qe2 Bc6 27. Nc3 Rc8 28. Red1 Ne5 29. Nd2 Ba8 30. f4 Nd7 31. Nf3 Red8 32. Nd4 Bf6 33. f5 exf5 34. Nxf5 Ne5 35. Nd5 Bxd5 36. cxd5 b5 37. Bd4 Kh7 38. Qh5 Rd7 39. Be3 Rxc1 40. Rxc1 Ng6 41. Rc6 Be5 42. Qd1 Qa8 43. Qc1 Rd8 44. Rc7 Kg8 45. Qc6 Nf4 46. Ra7 Qb8 47. Qxa6 Rf8 48. Rb7 Qd8 49. Ne7+ Kh7 50. Qxb5 Ng6 51. Nf5 Qf6 52. Rb8 Rxb8 53. Qxb8 Nf4 54. Qb5 Qg5 55. Bxf4 Qxf4 56. Qd3 Qc1+ 57. Kf2 g6 58. Ne3 h5 59. Nc4 Bh2 60. Nd2 Qg1+ 1-0

[Event "FIDE WSTC Open 65 2025"]
[Site "Prague"]
[Date "2025.02.18"]
[Round "2.28"]
[White "Blokhin, Alexey"]
[Black "Gal, Moshe"]
[Result "1/2-1/2"]
[Annotator "NA"]
[ECO "B37"]
[WhiteElo "1829"]
[BlackElo "2059"]
[PlyCount "120"]
[EventDate "2025.02.17"]
[EventType "team-tourn"]
[EventCountry "CZE"]
[SourceTitle "playchess.com"]
[Source "ChessBase"]
[SourceQuality "1"]
[TimeControl "40/5400+30:1800+30"]

1. e4 c5 2. Nf3 g6 3. c4 Bg7 4. d4 cxd4 5. Nxd4 Nc6 6. Nb3 d6 7. Be2 f5 8. N1d2 a5 9. a4 Nh6 10. O-O O-O 11. exf5 Nxf5 12. Nf3 Qb6 13. Ra3 Bd7 14. c5 Qc7 15. cxd6 Qxd6 16. Nc5 Qxc5 17. Qxd7 Nfd4 18. Nxd4 Nxd4 19. Bb5 Rad8 20. Qxb7 Rb8 21. Qe4 Nxb5 22. axb5 Rxb5 23. Rh3 Qf5 24. Qc4+ e6 25. Rf3 Qd5 26. Rxf8+ Bxf8 27. Qc8 Rc5 28. Qe8 Qc6 29. Qxc6 Rxc6 30. g3 Rc2 31. Kg2 Bc5 32. Kf3 Kf7 33. Ke4 Rxf2 34. Rxf2+ Bxf2 35. b3 Be1 36. Bb2 Ke7 37. Ke5 Bb4 38. Ke4 Kd6 39. g4 h5 40. h3 hxg4 41. hxg4 Bc5 42. Be5+ Kd7 43. Bc3 Bb6 44. Ke5 Ke7 45. Ke4 Bc7 46. Bd4 Kd7 47. Bc3 Kc6 48. Kd4 Kb5 49. Ke4 Kc5 50. Bd2 Kb5 51. Bc3 Bd6 52. Kd4 Bb4 53. Bb2 Bf8 54. Kd3 Kb4 55. Bc3+ Kb5 56. Ke4 Bd6 57. Kd4 Bb4 58. Bb2 Bf8 59. Kd3 Kb4 60. Bc3+ Kb5 1/2-1/2

[Event "FIDE WSTC Open 65 2025"]
[Site "Prague"]
[Date "2025.02.18"]
[Round "2.29"]
[White "Vinke, Dietmar"]
[Black "Kiss, Attila"]
[Result "1/2-1/2"]
[Annotator "ChessBase"]
[ECO "D36"]
[WhiteElo "2087"]
[BlackElo "2276"]
[PlyCount "68"]
[EventDate "2025.02.17"]
[EventType "team-tourn"]
[EventCountry "CZE"]
[SourceTitle "playchess.com"]
[Source "ChessBase"]
[SourceQuality "1"]
[TimeControl "40/5400+30:1800+30"]

1. d4 d5 2. c4 e6 3. Nc3 Nf6 4. cxd5 exd5 5. Bg5 Be7 6. e3 c6 7. Qc2 Nbd7 8. Bd3 Nh5 9. Bxe7 Qxe7 10. Nge2 g6 11. O-O O-O 12. a3 a5 13. Na4 Ng7 14. Rac1 Ne6 15. Nc5 Ndxc5 16. dxc5 Qf6 17. Qc3 Qxc3 18. Rxc3 a4 19. Nd4 Ra5 20. Rfc1 Bd7 21. f4 Rb8 22. R1c2 b6 23. cxb6 Nxd4 24. exd4 Rxb6 25. h3 Ra7 26. Rd2 Rab7 27. Rcc2 h5 28. Kf2 Kf8 29. Re2 Rb3 30. Rcd2 Rc7 31. Bb1 Rcb7 32. Bd3 Rc7 33. Bb1 Rcb7 34. Bd3 Rc7 1/2-1/2

[Event "FIDE WSTC Open 65 2025"]
[Site "Prague"]
[Date "2025.02.18"]
[Round "2.30"]
[White "Nemeth, Zoltan"]
[Black "Salmenkivi, Eero"]
[Result "1-0"]
[Annotator "ChessBase"]
[ECO "D34"]
[WhiteElo "2192"]
[BlackElo "2048"]
[PlyCount "71"]
[EventDate "2025.02.17"]
[EventType "team-tourn"]
[EventCountry "CZE"]
[SourceTitle "playchess.com"]
[Source "ChessBase"]
[SourceQuality "1"]
[TimeControl "40/5400+30:1800+30"]

1. Nf3 d5 2. g3 c5 3. Bg2 Nc6 4. d4 e6 5. O-O Nf6 6. c4 Be7 7. cxd5 exd5 8. Nc3 O-O 9. dxc5 Bxc5 10. Na4 Be7 11. Be3 Ne4 12. Rc1 Re8 13. a3 Be6 14. Nc5 Nxc5 15. Bxc5 Bf6 16. Nd4 Bg4 17. Nxc6 bxc6 18. Rc2 Qa5 19. Be3 Qb5 20. b4 Qa6 21. Qc1 Re6 22. Re1 Rd8 23. Bg5 Bxe2 24. Bxf6 gxf6 25. Bh3 Bd3 26. Bxe6 Bxc2 27. Qxc2 fxe6 28. Rxe6 Qc4 29. Qxc4 dxc4 30. Rxc6 Rd3 31. Rc8+ Kf7 32. Rc7+ Ke6 33. Rxa7 Kd5 34. b5 Rd1+ 35. Kg2 c3 36. Rd7+ 1-0

[Event "FIDE WSTC Open 65 2025"]
[Site "Prague"]
[Date "2025.02.18"]
[Round "2.31"]
[White "Uimonen, Matti"]
[Black "Hardicsay, Peter"]
[Result "1/2-1/2"]
[Annotator "ChessBase"]
[ECO "E84"]
[WhiteElo "2056"]
[BlackElo "2164"]
[PlyCount "33"]
[EventDate "2025.02.17"]
[EventType "team-tourn"]
[EventCountry "CZE"]
[SourceTitle "playchess.com"]
[Source "ChessBase"]
[SourceQuality "1"]
[TimeControl "40/5400+30:1800+30"]

1. d4 g6 2. c4 d6 3. Nc3 Bg7 4. e4 Nf6 5. f3 O-O 6. Be3 Nc6 7. Nge2 a6 8. Qd2 Rb8 9. a4 Re8 10. Rb1 a5 11. g3 Nb4 12. Bg2 c6 13. O-O Ra8 14. Rbd1 Qc7 15. b3 e5 16. d5 c5 17. Nb5 1/2-1/2

[Event "FIDE WSTC Open 65 2025"]
[Site "Prague"]
[Date "2025.02.18"]
[Round "2.32"]
[White "Dory, Jeno"]
[Black "Nikolaienko, Serhii"]
[Result "1/2-1/2"]
[Annotator "NA"]
[ECO "B06"]
[WhiteElo "2143"]
[BlackElo "1870"]
[PlyCount "95"]
[EventDate "2025.02.17"]
[EventType "team-tourn"]
[EventCountry "CZE"]
[SourceTitle "playchess.com"]
[Source "ChessBase"]
[SourceQuality "1"]
[TimeControl "40/5400+30:1800+30"]

1. e4 g6 2. d4 Bg7 3. Nf3 e6 4. Nc3 Ne7 5. Bf4 d6 6. Qd2 h6 7. h4 Nd7 8. O-O-O a6 9. d5 e5 10. Be3 b5 11. h5 g5 12. Bd3 f6 13. Nh2 O-O 14. f3 Nb6 15. g4 b4 16. Ne2 a5 17. Nf1 Ba6 18. Bxa6 Rxa6 19. Qd3 Qa8 20. Kb1 Qb7 21. Nd2 Rfa8 22. Nc4 Nec8 23. Rh2 Nxc4 24. Qxc4 Na7 25. Bxa7 Qxa7 26. Nc1 Rb8 27. Re2 Bf8 28. Nd3 Kf7 29. Rc1 Rab6 30. c3 b3 31. a3 Ke8 32. Ne1 Kd8 33. Ng2 Qa6 34. Qxa6 Rxa6 35. Ne3 Kc8 36. c4 a4 37. Rc3 Ra5 38. Nd1 Kb7 39. Nf2 Kb6 40. Nd3 Rba8 41. Kc1 Rc8 42. Kd2 Rca8 43. Re1 Rc8 44. Rec1 Rca8 45. Ke3 Rc8 46. Nb4 Rc5 47. Nd3 Ra5 48. Nb4 1/2-1/2

[Event "FIDE WSTC Open 65 2025"]
[Site "Prague"]
[Date "2025.02.18"]
[Round "2.33"]
[White "Hugentobler, Patrick"]
[Black "Urban, Zdenek"]
[Result "1/2-1/2"]
[Annotator "ChessBase"]
[ECO "C41"]
[WhiteElo "2242"]
[BlackElo "2155"]
[PlyCount "62"]
[EventDate "2025.02.17"]
[EventType "team-tourn"]
[EventCountry "CZE"]
[SourceTitle "playchess.com"]
[Source "ChessBase"]
[SourceQuality "1"]
[TimeControl "40/5400+30:1800+30"]

1. e4 d6 2. d4 Nf6 3. Nc3 e5 4. Nf3 Nbd7 5. Rg1 c6 6. g4 g6 7. Be3 h5 8. g5 Ng8 9. Qd2 Ne7 10. O-O-O Qc7 11. Nh4 Nb6 12. f4 Bg4 13. Be2 Bg7 14. Rgf1 Bxe2 15. Qxe2 exd4 16. Bxd4 Bxd4 17. Rxd4 O-O 18. f5 Rae8 19. fxg6 fxg6 20. Rf6 Rxf6 21. gxf6 Ned5 22. Nxg6 Nxf6 23. Nf4 Qg7 24. Rxd6 Qg5 25. Qf1 Kh7 26. Rd2 Nxe4 27. Nxe4 Rxe4 28. Nh3 Qe7 29. Qf5+ Kh6 30. Rd1 Nd5 31. Qc8 Re1 1/2-1/2

[Event "FIDE WSTC Open 65 2025"]
[Site "Prague"]
[Date "2025.02.18"]
[Round "2.34"]
[White "Sejkora, Vlastimil"]
[Black "Huss, Andreas"]
[Result "0-1"]
[Annotator "ChessBase"]
[ECO "A17"]
[WhiteElo "2121"]
[BlackElo "2202"]
[PlyCount "118"]
[EventDate "2025.02.17"]
[EventType "team-tourn"]
[EventCountry "CZE"]
[SourceTitle "playchess.com"]
[Source "ChessBase"]
[SourceQuality "1"]
[TimeControl "40/5400+30:1800+30"]

1. c4 e6 2. Nc3 Bb4 3. g3 Nf6 4. Bg2 d5 5. Nf3 O-O 6. Qb3 Nc6 7. cxd5 exd5 8. d4 Bxc3+ 9. Qxc3 Ne4 10. Qa3 Bg4 11. O-O Bxf3 12. exf3 Nd6 13. Qd3 Qf6 14. Be3 a5 15. Rac1 Nb4 16. Qb1 c6 17. b3 Rfd8 18. a3 Na6 19. Qb2 Nb5 20. a4 Nd6 21. Qd2 Nf5 22. Rfd1 Re8 23. Bg5 Qg6 24. Bf4 b6 25. h4 h5 26. Kh2 Ra7 27. Bg5 Nb4 28. Re1 f6 29. Rxe8+ Qxe8 30. Re1 Re7 31. Rxe7 Qxe7 32. Bf4 c5 33. Be3 cxd4 34. Bxd4 Nxd4 35. Qxd4 Qc5 36. Qd2 d4 37. Bf1 Kh8 38. Bc4 d3 39. Kg2 Qd4 40. Qe1 Qd7 41. Qd2 Kh7 42. Kf1 Qd4 43. Qe3 Qd7 44. Qd2 g6 45. Ke1 Qf5 46. Qd1 Qe5+ 47. Kd2 Qd4 48. Qf1 Qb2+ 49. Ke3 Qe5+ 50. Kd2 Qb2+ 51. Ke3 Qc3 52. f4 Nc2+ 53. Ke4 d2 54. Qd1 f5+ 55. Kd5 Qd4+ 56. Ke6 Qe4+ 57. Kf6 Qe1 58. Qxc2 d1=Q 59. Bg8+ Kh6 0-1

[Event "FIDE WSTC Open 65 2025"]
[Site "Prague"]
[Date "2025.02.18"]
[Round "2.35"]
[White "Vucenovic, Dragomir"]
[Black "Mlynek, Petr"]
[Result "1-0"]
[Annotator "NA"]
[ECO "D02"]
[WhiteElo "2128"]
[BlackElo "2023"]
[PlyCount "73"]
[EventDate "2025.02.17"]
[EventType "team-tourn"]
[EventCountry "CZE"]
[SourceTitle "playchess.com"]
[Source "ChessBase"]
[SourceQuality "1"]
[TimeControl "40/5400+30:1800+30"]

1. d4 d5 2. Bf4 Nf6 3. e3 e6 4. Nd2 c5 5. Ngf3 Nc6 6. c3 Bd6 7. Bg3 O-O 8. Bd3 Re8 9. Ne5 cxd4 10. Nxc6 bxc6 11. cxd4 e5 12. dxe5 Bxe5 13. Bxe5 Rxe5 14. Nf3 Qa5+ 15. Qd2 Qxd2+ 16. Kxd2 Ne4+ 17. Bxe4 Rxe4 18. Rhc1 Bd7 19. Nd4 Rc8 20. Rc5 Rg4 21. g3 Rg6 22. Rac1 Kf8 23. b4 Rb8 24. a3 Rb6 25. b5 cxb5 26. Rc7 Rgd6 27. Rxa7 g6 28. Rcc7 Ke8 29. Kc3 Rb8 30. Kb4 Rc8 31. Nxb5 Rxc7 32. Nxd6+ Kd8 33. Rxc7 Kxc7 34. Nxf7 Kb6 35. a4 Ka6 36. Ne5 Be8 37. Nd3 1-0